 Dungeon Crawl Stone Soup version 0.30-a0-313-gae38170b09 (webtiles) character file.

Game seed: 9172575669606200720

4823 Bnni the Thrower (level 10, -1/83 HPs)
             Began as a Formicid Fighter on Oct 26, 2022.
             Was a High Priest of Okawaru.
             Slain by a two-headed ogre
             ... wielding a +0 giant club
              (20 damage)
             ... on level 9 of the Dungeon.
             The game lasted 00:12:53 (7821 turns).

Bnni the Thrower (Formicid Fighter)                 Turns: 7821, Time: 00:12:54

Health: -1/83      AC: 16    Str: 25    XL:     10   Next: 77%
Magic:  3/5        EV: 13    Int:  8    God:    Okawaru [*****.]
Gold:   541        SH:  6    Dex: 13    Spells: 9/9 levels left

rFire   . . .      SeeInvis +    m - +8 trident "Utauwn" {antimagic, rN+ SInv}
rCold   + . .      Faith    .    c - +0 buckler
rNeg    + . .      Spirit   .    e - +0 plate armour
rPois   .          Reflect  .    (helmet unavailable)
rElec   .          Harm     .    (no cloak)
rCorr   .          Rampage  .    A - +1 pair of gloves
Will    +....                    (no boots)
Stlth   ..........               (no amulet)
HPRegen 0.33/turn                w - ring of protection from cold
MPRegen 0.09/turn                y - +4 ring of evasion

@: heroic
A: permanent stasis, dig shafts and tunnels, antennae 3, four strong arms
a: Dig, Shaft Self, Renounce Religion, Heroism, Finesse, Duel


You were on level 9 of the Dungeon.
You worshipped Okawaru.
Okawaru was extremely pleased with you.
You visited 1 branch of the dungeon, and saw 9 of its levels.

You collected 555 gold pieces.
You spent 14 gold pieces at shops.

Inventory:

Hand Weapons
 b - a +2 rapier of venom
 m - the +8 trident "Utauwn" (weapon) {antimagic, rN+ SInv}
   (You found it on level 2 of the Dungeon)

   It reduces the magical energy of the wielder, and disrupts the spells and
   magical abilities of those it strikes.
   Natural abilities and divine invocations are not affected.
   rN:        It protects you from negative energy.
   SInv:      It lets you see invisible.
 D - a +0 morningstar
 I - a +4 dagger of distortion
Missiles
 z - 2 javelins
 C - 8 poisoned darts
 F - 2 silver boomerangs (quivered)
Armour
 c - a +0 buckler (worn)
 e - a +0 plate armour (worn)
 A - a +1 pair of gloves (worn)
Jewellery
 w - a ring of protection from cold (left hand)
 y - a +4 ring of evasion (right hand)
 J - a ring of protection from cold
Wands
 v - a wand of quicksilver (9)
Scrolls
 g - a scroll of enchant weapon {unknown}
 h - 2 scrolls of butterflies {unknown}
 k - 3 scrolls of immolation {unknown}
 n - 4 scrolls of teleportation {unknown}
 p - 2 scrolls of amnesia
 q - a scroll of summoning {unknown}
 s - 3 scrolls of fear {unknown}
 u - a scroll of torment {unknown}
 x - a scroll of noise {unknown}
 B - 3 scrolls of enchant armour
 G - a scroll of magic mapping {unknown}
 K - 2 scrolls of poison {unknown}
Potions
 a - 2 potions of mutation {unknown}
 d - 4 potions of might
 f - a potion of degeneration {unknown}
 i - 9 potions of curing
 j - a potion of heal wounds
 l - 2 potions of haste {unknown}
 o - a potion of brilliance
 r - 3 potions of cancellation {unknown}
 t - 2 potions of lignification {unknown}
 E - a potion of resistance
 H - a potion of flight {unknown}


   Skills:
 + Level 9.4(14.4) Fighting
 - Level 2.9(7.9) Maces & Flails
 * Level 9.8(14.8) Throwing
 - Level 3.7(8.7) Armour
 - Level 5.0(10.0) Shields
 + Level 8.9 Invocations


You had 9 spell levels left.
You didn't know any spells.
Your spell library contained the following spells:

 Spells                   Type           Power      Damage    Failure   Level
 Sandblast                Erth           0%         2d4       99%         1
 Ensorcelled Hibernation  Hex/Ice        0%         N/A       100%        2
 Passwall                 Tmut/Erth      0%         N/A       100%        2
 Ignite Poison            Fire/Tmut/Pois 0%         N/A       100%        3
 Kindle Blastsparks       Fire/Tloc/Air  0%         2d10      100%        3
 Stone Arrow              Conj/Erth      0%         3d7       100%        3
 Freezing Cloud           Conj/Ice/Air   0%         6-21      100%        5
 Swiftness                Air            Unusable   N/A       N/A         3

Dungeon Overview and Level Annotations

Branches:
Dungeon (9/15)             Temple (0/1) D:7
   Lair: D:8-11         Orc: D:9-12

Altars:
Kikubaaqudgha
Okawaru

Shops:
D:1 (   D:9 *


Innate Abilities, Weirdness & Mutations

You cannot be hasted, slowed, berserked, paralysed or teleported.
You can dig through walls and to a lower floor.
You have a pair of large antennae on your head. (SInv)
Your four strong arms can wield two-handed weapons with a shield.


Message History

You are too injured to fight recklessly!
You are too injured to fight recklessly!
You are too injured to fight recklessly!
Reach: m) +8 trident "Utauwn" {antimagic, rN+ SInv}
Press: ? - help, Dir - move target, f/p - two-headed ogre
Aim: a two-headed ogre, wielding a +0 giant club and a +0 giant spiked club (lightly wounded, very poisoned, slow, about 20% to evade the +8 trident "Utauwn")
You reach to attack!
You barely miss the two-headed ogre.
The two-headed ogre is lightly wounded.
The troll bites you but does no damage. The troll barely misses you.
The troll claws you but does no damage.
You puncture the troll!
You kill the troll!
Okawaru accepts your kill. The two-headed ogre barely misses you.
The two-headed ogre hits you with a +0 giant spiked club.
Reach: m) +8 trident "Utauwn" {antimagic, rN+ SInv}
Press: ? - help, Dir - move target, f/p - two-headed ogre
Aim: a two-headed ogre, wielding a +0 giant club and a +0 giant spiked club (moderately wounded, poisoned, slow, about 20% to evade the +8 trident "Utauwn")
You reach to attack!
You puncture the two-headed ogre!
The two-headed ogre is heavily wounded.
The two-headed ogre is no longer moving slowly.
The two-headed ogre attacks as you move away!
The two-headed ogre hits you with a +0 giant club!
You block the two-headed ogre's attack.
Reach: m) +8 trident "Utauwn" {antimagic, rN+ SInv}
Press: ? - help, Dir - move target, f/p - two-headed ogre
Aim: a two-headed ogre, wielding a +0 giant club and a +0 giant spiked club (heavily wounded, poisoned, about 20% to evade the +8 trident "Utauwn")
You reach to attack!
You puncture the two-headed ogre!
The two-headed ogre is heavily wounded.
The two-headed ogre hits you with a +0 giant club!
* * * LOW HITPOINT WARNING * * *
You block the two-headed ogre's attack.
You gain the combat prowess of a mighty hero.
You barely miss the two-headed ogre.
The two-headed ogre is heavily wounded.
You block the two-headed ogre's attack. The two-headed ogre closely misses you.
You barely miss the two-headed ogre.
The two-headed ogre is heavily wounded.
The two-headed ogre hits you with a +0 giant club!!
You die...

####..............#{
.....######.......######.........
.....#....#......................
#....#....#....##################
#....#....'....#☼☼☼.☼☼☼°☼§....$??
#....#....#....#.################
#....######....#.°°°°°°°..○...°○.
#..............##################
#...####'#......@O..†............
#...#....#...............########
....#....#..............(# #
....#....#...............# #
....#....#...............# #
....######........######.# #
..................# #.# #
'#######..........# #.. .
.......#..........# ...


You could see a two-headed ogre (poisoned).

Vanquished Creatures
  The ghost of mertasd123 the Cutter, a novice KoMo of Dithmenos (D:5)
  Psyche (D:8)
  A troll (D:9)
  Prince Ribbit (D:7)
  A wyvern (D:5)
  Eustachio (D:4)
  A steam dragon (D:9)
  An acid dragon (D:9)
  Duvessa (D:7)
  A water moccasin (D:8)
  A sky beast (D:6)
  2 ice beasts (D:8)
  An orc warrior (D:7)
  Pargi (D:4)
  3 black bears
  A centaur (D:5)
  Blork the orc (D:4)
  4 bullfrogs
  3 necrophages
  A scorpion (D:5)
  8 wights (D:9)
  Dowan (D:7)
  An electric eel (D:7)
  A centaur zombie (D:5)
  4 howler monkeys
  A hound (D:5)
  3 jellies
  8 orc priests
  A bullfrog skeleton (D:5)
  An iguana (D:5)
  11 orc wizards
  Robin (D:4)
  8 gnolls
  10 adders
  A white imp (D:7)
  2 ufetubi (D:5)
  A worm (D:3)
  5 dart slugs
  29 orcs
  7 ball pythons
  8 bats
  7 endoplasms
  2 giant cockroaches
  15 goblins
  7 hobgoblins
  6 jackals
  2 quokkas
  2 frilled lizards
  6 kobolds
  6 rats
193 creatures vanquished.

Vanquished Creatures (others)
  3 plants
3 creatures vanquished.

Grand Total: 196 creatures vanquished

Notes
Turn   | Place    | Note
-------+----------+-------------------------------------------
     0 | D:1      | Bnni the Formicid Fighter began the quest for the Orb.
     0 | D:1      | Reached XP level 1. HP: 18/18 MP: 1/1
   153 | D:1      | Found Duirphi's Weapon Emporium.
   236 | D:1      | Reached XP level 2. HP: 13/24 MP: 2/2
   485 | D:1      | Reached XP level 3. HP: 29/29 MP: 3/3
   502 | D:1      | Found a faded altar of an unknown god.
   547 | D:1      | Prayed at the altar of an unknown god.
   547 | D:1      | Became a worshipper of Warmaster Okawaru
   547 | D:1      | Reached * piety under Okawaru
   974 | D:2      | Reached skill level 5 in Shields
   974 | D:2      | Reached XP level 4. HP: 37/37 MP: 4/4
   981 | D:2      | Identified the +8 trident "Utauwn" {antimagic, rN+ SInv}
  1442 | D:3      | Reached XP level 5. HP: 21/43 MP: 1/5
  1974 | D:3      | Reached skill level 1 in Invocations
  2083 | D:4      | Noticed Robin
  2094 | D:4      | Killed Robin
  2103 | D:4      | Reached skill level 1 in Throwing
  2211 | D:4      | Reached ** piety under Okawaru
  2212 | D:4      | Reached XP level 6. HP: 35/50 MP: 2/7
  2343 | D:4      | Noticed Blork the orc
  2350 | D:4      | Killed Blork the orc
  2351 | D:4      | Reached skill level 5 in Fighting
  2502 | D:4      | Noticed Eustachio
  2517 | D:4      | Killed Eustachio
  2518 | D:4      | Reached XP level 7. HP: 28/56 MP: 3/9
  2665 | D:4      | Found an ancient bone altar of Kikubaaqudgha.
  2905 | D:4      | Noticed Pargi
  2912 | D:4      | Killed Pargi
  2912 | D:4      | Reached *** piety under Okawaru
  3254 | D:5      | Entered Level 5 of the Dungeon
  3464 | D:5      | Reached XP level 8. HP: 62/64 MP: 3/11
  3645 | D:5      | Reached skill level 5 in Invocations
  3931 | D:5      | Found a transporter.
  3933 | D:5      | Noticed mertasd123's ghost (novice KoMo)
  4008 | D:5      | Found a transporter.
  4062 | D:5      | Noticed a wyvern
  4068 | D:5      | Killed a wyvern
  4068 | D:5      | Reached **** piety under Okawaru
  4164 | D:5      | Reached skill level 5 in Throwing
  4360 | D:5      | Killed mertasd123's ghost
  4360 | D:5      | Reached ***** piety under Okawaru
  4361 | D:5      | Reached XP level 9. HP: 64/72 MP: 4/13
  5714 | D:7      | Noticed Prince Ribbit
  5720 | D:7      | Killed Prince Ribbit
  6016 | D:7      | Found a staircase to the Ecumenical Temple.
  6041 | D:7      | Noticed Duvessa
  6042 | D:7      | Noticed Dowan
  6053 | D:7      | Killed Duvessa
  6056 | D:7      | Killed Dowan
  6069 | D:7      | Received a gift from Okawaru
  6070 | D:7      | Reached XP level 10. HP: 78/82 MP: 5/15
  6540 | D:8      | Noticed Psyche
  6569 | D:8      | Killed Psyche
  7622 | D:9      | Received a gift from Okawaru
  7694 | D:9      | Found Etyos's Serpentskin Sales.
  7701 | D:9      | Bought 2 curare-tipped darts for 14 gold pieces
  7779 | D:9      | Noticed a two-headed ogre
  7821 | D:9      | Slain by a two-headed ogre

Illustrated notes

Levels and vault maps discovered:
D:1:      dpeg_cavernosity, layout_rooms,
          shapermc_ecumenical_altar_mp_urbaneastern, serial_shops, shop
D:2:      layout_rooms, serial_bayou_pond_d
D:3:      layout_basic, grunt_ministairs_14, kennysheep_path_1
D:4:      layout_gridville, lemuel_round_altar, kennysheep_generic_room_3,
          uniq_robin, uniq_blork_the_orc, uniq_eustachio, uniq_pargi
D:5:      layout_gridville, serial_bayou, serial_bayou_pond_b,
          serial_bayou_pond_c, serial_bayou_lagoon_a, serial_bayou_shore_b,
          gammafunk_ghost_mausoleum
D:6:      layout_basic
D:7:      layout_loops_cross, minmay_temple_entry_grid, hangedman_glass_teeth,
          minivault_4, uniq_duvessa, uniq_prince_ribbit1
D:8:      layout_basic, nicolae_concentric_dashed_squares_mild,
          nicolae_elevator_lobby_asterisk, uniq_psyche
D:9:      lemuel_ice_spiral_2, layout_irregular_city, nzn_wu_jian_council_hall,
          guppyfry_shop_venom

Skill      XL: |  1  2  3  4  5  6  7  8  9 10 |
---------------+-------------------------------+-----
Shields        | 5 |  5.0
Fighting       | 4 5 6 7 8 9 |  9.4
Invocations    | 1 3 4 6 7 8 |  8.9
Throwing       | 1 2 3 6 8 9 |  9.8
Maces & Flails | |  2.9
Armour         | |  3.7

Action                   |  1- 3 |  4- 6 |  7- 9 | 10-12 || total
-------------------------+-------+-------+-------+-------++-------
Melee: Flail             |    64 |       |       |       ||    64
       Trident           |       |   120 |   231 |   149 ||   500
Throw: Javelin           |       |     7 |     6 |     1 ||    14
       Dart              |       |       |       |     3 ||     3
Invok: Heroism           |       |       |     5 |     3 ||     8
 Abil: Dig               |       |     1 |       |       ||     1
  Use: Scroll            |       |     3 |     4 |       ||     7
       Potion            |       |       |     1 |       ||     1
Armor: Scale mail        |    37 |    61 |       |       ||    98
       Plate armour      |       |    25 |   164 |    62 ||   251
Dodge: Dodged            |    44 |   120 |   174 |    80 ||   418
Block: Buckler           |    20 |    42 |    72 |    39 ||   173

Table legend: (Time is in decaauts)
 A = Elapsed time spent in this place.
 B = Non-inter-level travel time spent in this place.
 C = Inter-level travel time spent in this place.
 D = Time resting spent in this place.
 E = Time spent auto-exploring this place.
 F = Levels seen in this place.
 G = Mean time per level.
                   A        B        C        D        E       F      G
               +--------+--------+--------+--------+--------+-----+--------+
         Total |   7996 |   7613 |    383 |    463 |   5819 |   9 |  888.4 |
       Dungeon |   7996 |   7613 |    383 |    463 |   5819 |   9 |  888.4 |
               +--------+--------+--------+--------+--------+-----+--------+

Top non-repeatable levels by time:
     D:5: 1218 daAuts
     D:4: 1209 daAuts
     D:7: 1203 daAuts
     D:8: 957 daAuts
     D:1: 870 daAuts
     D:3: 849 daAuts
     D:6: 762 daAuts
     D:9: 527 daAuts
     D:2: 397 daAuts
